 Dungeon Crawl Stone Soup version 0.29-a0-459-g97dee8cd24 (webtiles) character file.

Game seed: 4135907379360829092

2055 GayMysterio the Cleaver (level 9, -1/105 (112) HPs)
             Began as a Minotaur Berserker on May 21, 2022.
             Was a Priest of Trog.
             Succumbed to a wight's poison
             ... on level 7 of the Dungeon.
             The game lasted 00:11:27 (10264 turns).

GayMysterio the Cleaver (Minotaur Berserker)       Turns: 10264, Time: 00:11:27

HP:   -1/105 (112)  AC: 14    Str: 26    XL:     9   Next: 5%
MP:   8/8           EV:  3    Int:  4    God:    Trog [***...]
Gold: 345           SH:  9    Dex: 10    Spells: 8/8 levels left

rFire   . . .      SeeInvis .   w - +0 war axe
rCold   . . .      Faith    .   p - +0 tower shield
rNeg    . . .      Spirit   .   n - +0 plate armour
rPois   .          Reflect  .   (helmet restricted)
rElec   .          Harm     .   l - +0 cloak
rCorr   .          Rampage  .   o - +1 pair of gloves
Will    .....                   (no boots)
Stlth   ..........              (no amulet)
HPRegen 0.27/turn               (no ring)
MPRegen 0.11/turn               (no ring)

@: berserking, lethally poisoned (-1 -> -28), drained, very quick
A: horns 2, retaliatory headbutt
a: Renounce Religion, Berserk, Trog's Hand


You were on level 7 of the Dungeon.
You worshipped Trog.
Trog was most pleased with you.
You visited 1 branch of the dungeon, and saw 7 of its levels.

You collected 345 gold pieces.

Inventory:

Hand Weapons
 b - a +0 flail
 w - a +0 war axe (weapon)
Missiles
 a - 2 throwing nets
 e - 239 stones (quivered)
Armour
 g - a +0 pair of boots
 l - a +0 cloak (worn)
 n - a +0 plate armour (worn)
 o - a +1 pair of gloves (worn)
 p - a +0 tower shield (worn)
Jewellery
 q - a ring of willpower
 x - an amulet of guardian spirit
 y - a ring of see invisible
Wands
 s - a wand of flame (1)
Scrolls
 d - a scroll of magic mapping
 f - a scroll of poison
 i - a scroll of brand weapon {unknown}
 j - 2 scrolls of teleportation
 k - 2 scrolls of fear
 m - 2 scrolls of identify
Potions
 c - 4 potions of curing
 h - 3 potions of haste
 r - a potion of heal wounds
 t - a potion of magic
 u - 2 potions of brilliance {unknown}
 z - 3 potions of degeneration {unknown}


   Skills:
 - Level 5.6 Fighting
 * Level 13.7 Axes
 - Level 2.4 Armour
 - Level 2.1 Dodging


You had 8 spell levels left.
You didn't know any spells.
Your spell library was empty.

Dungeon Overview and Level Annotations

Branches:
Dungeon (7/15)             Temple (0/1) D:4

Altars:
Wu Jian

Shops:
D:2 =


Innate Abilities, Weirdness & Mutations

You have a pair of horns on your head.
You reflexively headbutt those who attack you in melee.


Message History

You are poisoned.
You feel very sick. You block the wight's attack.
Things that are here:
a +0 falchion; a +0 robe You completely miss the wight.
You feel very sick.
The wight hits you with a +2 halberd of venom!
You feel drained.
You are more poisoned.
You closely miss the wight.
You headbutt the wight, but do no damage.
You feel very sick.
The wight hits you with a +2 halberd of venom.
You feel drained.
You are more poisoned.
The wight hits you with a +2 halberd of venom.
You are more poisoned.
You hit the wight. Your headbutt misses the wight.
The wight is lightly damaged.
You feel extremely sick. The wight hits you but does no damage.
You are more poisoned.
You slash the wight! Your headbutt misses the wight.
The wight is almost destroyed.
You feel extremely sick.
A wight comes into view. It is wielding a +4 mace.
The wight hits you with a +2 halberd of venom!
* * * LOW HITPOINT WARNING * * *
You feel drained.
* * * LOW HITPOINT WARNING * * *
You are more poisoned.
You closely miss the wight. You headbutt the wight.
You destroy the wight!
Trog accepts your kill.
* * * LOW HITPOINT WARNING * * *
You feel extremely sick.
A red film seems to cover your vision as you go berserk!
You feel yourself moving faster!
You feel mighty!
You die...

... #.. #.. #
..## .###
##(.##...
......
####..### #.##
#.z)@...#....#
#.###.#.#.#..#
#...#.#..#
##..#.#..#
#.)#.#..#
##.#.#..#
#.#.#).#
#.#)<..#
#.[.#..#


You could see a wight.

Vanquished Creatures
  Sigmund (D:3)
  Menkaure (D:5)
  An orc warrior (D:6)
  A black bear (D:4)
  An ice beast (D:6)
  An ogre (D:6)
  A phantom (D:4)
  3 necrophages
  2 scorpions
  2 wights (D:7)
  2 howler monkeys
  3 jellies
  Crazy Yiuf (D:3)
  4 orc priests
  4 hounds
  Natasha (thrice) (D:3)
  2 iguanas
  4 orc wizards
  6 gnolls
  10 adders
  2 ufetubi
  A worm (D:3)
  4 dart slugs
  17 orcs
  8 endoplasms
  6 giant cockroaches
  4 goblins
  8 hobgoblins
  4 jackals (D:2)
  5 kobolds
  A quokka (D:5)
  6 ball pythons
  15 bats
  4 frilled lizards
  4 rats
  A spectral goblin (D:2)
143 creatures vanquished.

Vanquished Creatures (others)
  4 plants (D:4)
4 creatures vanquished.

Grand Total: 147 creatures vanquished

Notes
Turn   | Place    | Note
-------+----------+-------------------------------------------
     0 | D:1      | GayMysterio the Minotaur Berserker began the quest for the
                  | Orb.
     0 | D:1      | Reached XP level 1. HP: 19/19 MP: 0/0
   111 | D:1      | Reached skill level 4 in Axes
   120 | D:1      | Reached XP level 2. HP: 20/27 MP: 1/1
   968 | D:2      | Found Iqesch's Jewellery Boutique.
  1031 | D:2      | Reached XP level 3. HP: 27/34 MP: 2/2
  1671 | D:2      | Found a faded altar of an unknown god.
  1721 | D:2      | Reached ** piety under Trog
  1722 | D:2      | Reached skill level 5 in Axes
  1930 | D:2      | Reached XP level 4. HP: 40/41 MP: 3/3
  2273 | D:3      | Noticed Sigmund
  2286 | D:3      | Killed Sigmund
  2287 | D:3      | Reached skill level 5 in Fighting
  2287 | D:3      | Reached skill level 6 in Axes
  2287 | D:3      | Reached XP level 5. HP: 49/49 MP: 4/4
  2775 | D:3      | Noticed Natasha
  2783 | D:3      | Killed Natasha
  2784 | D:3      | Reached skill level 7 in Axes
  2784 | D:3      | Reached XP level 6. HP: 50/57 MP: 5/5
  2901 | D:3      | Noticed Natasha
  2909 | D:3      | Killed Natasha
  2928 | D:3      | Noticed Natasha
  2941 | D:3      | Killed Natasha
  3144 | D:3      | Found a runed translucent door.
  3145 | D:3      | Noticed Crazy Yiuf
  3558 | D:3      | Killed Crazy Yiuf
  3777 | D:4      | Reached skill level 8 in Axes
  4070 | D:4      | Reached *** piety under Trog
  4115 | D:4      | Reached XP level 7. HP: 62/62 MP: 6/6
  4134 | D:4      | Found an ornate altar of the Wu Jian Council.
  4410 | D:4      | Reached skill level 9 in Axes
  5108 | D:4      | Found a staircase to the Ecumenical Temple.
  5251 | D:4      | Reached skill level 10 in Axes
  5465 | D:5      | Entered Level 5 of the Dungeon
  5509 | D:5      | Noticed Menkaure
  6125 | D:5      | Killed Menkaure
  6298 | D:5      | Reached XP level 8. HP: 67/70 MP: 7/7
  6391 | D:5      | Reached skill level 11 in Axes
  7449 | D:5      | Reached skill level 12 in Axes
  8765 | D:6      | Reached skill level 13 in Axes
 10255 | D:7      | Reached XP level 9. HP: 75/75 MP: 8/8
 10263 | D:7      | HP: 3/69 [poisoned by a wight]
 10264 | D:7      | Succumbed to a wight's poison

Illustrated notes

Levels and vault maps discovered:
D:1:      minmay_arrival_shoal_huts, layout_loops_ring
D:2:      layout_loops_ring, dreamdust_ecumenical_altar_drowned_temple,
          serial_shops, shop, minivault_25
D:3:      layout_basic, minmay_mini_jars, uniq_natasha, uniq_sigmund,
          uniq_crazy_yiuf_cottage
D:4:      layout_basic, mainiacjoe_overflow_boulevard, minmay_temple_entry_glass
D:5:      layout_loops_ring, lightli_corner_chamber, uniq_menkaure
D:6:      minmay_spotlight, layout_basic
D:7:      layout_basic, kennysheep_little_box, gammafunk_ghost_cemetery,
          corner_web_ring

Skill      XL: |  1  2  3  4  5  6  7  8 |
---------------+-------------------------+-----
Fighting       | 4 5 |  5.6
Axes           | 4 5 6 7 8 10 13 | 13.7
Armour         | |  2.4
Dodging        | |  2.1

Action                   |  1- 3 |  4- 6 |  7- 9 || total
-------------------------+-------+-------+-------++-------
Melee: Hand axe          |    77 |   106 |       ||   183
       Headbutt          |     6 |    15 |    39 ||    60
       War axe           |       |     1 |   214 ||   215
Invok: Berserk           |     1 |     2 |     5 ||     8
  Use: Scroll            |       |       |    12 ||    12
Armor: Animal skin       |     4 |       |       ||     4
       Ring mail         |    12 |       |       ||    12
       Chain mail        |    26 |    19 |       ||    45
       Plate armour      |       |    35 |   120 ||   155
Dodge: Dodged            |    60 |    29 |    14 ||   103
Block: Tower shield      |       |    27 |    88 ||   115

Table legend: (Time is in decaauts)
 A = Elapsed time spent in this place.
 B = Non-inter-level travel time spent in this place.
 C = Inter-level travel time spent in this place.
 D = Time resting spent in this place.
 E = Time spent auto-exploring this place.
 F = Levels seen in this place.
 G = Mean time per level.
                   A        B        C        D        E       F      G
               +--------+--------+--------+--------+--------+-----+--------+
         Total |  10461 |  10208 |    253 |   4790 |   4121 |   7 | 1494.4 |
       Dungeon |  10461 |  10208 |    253 |   4790 |   4121 |   7 | 1494.4 |
               +--------+--------+--------+--------+--------+-----+--------+

Top non-repeatable levels by time:
     D:6: 2607 daAuts
     D:4: 2371 daAuts
     D:3: 1613 daAuts
     D:5: 1602 daAuts
     D:2: 1262 daAuts
     D:1: 957 daAuts
     D:7: 46 daAuts
